 Dungeon Crawl Stone Soup version 0.26-a0-651-gb41185065b (webtiles) character file.

Game seed: 18065620398407423254

25 Irenicus the Sneak (level 2, -3/27 HPs)
             Began as a Deep Dwarf Delver on Oct 24, 2020.
             Splashed by a jelly's acid (6 damage)
             ... on level 5 of the Dungeon.
             The game lasted 00:00:37 (70 turns).

Irenicus the Sneak (Deep Dwarf Delver)                Turns: 70, Time: 00:00:38

Health: -3/27      AC: -5    Str: 15    XL:     2   Next: 82%
Magic:  2/2        EV: 12    Int: 10    God:
Gold:   29         SH:  0    Dex: 14    Spells: 1/1 levels left

rFire    . . .     SeeInvis .   a - +0 hand axe
rCold    . . .     Faith    .   (no shield)
rNeg     . . .     Spirit   .   b - +0 leather armour
rPois    .         Reflect  .   (no helmet)
rElec    .         Harm     .   (no cloak)
rCorr    .         Rampage  .   (no gloves)
MR       .....                  (no boots)
Stlth    +++.......             (no amulet)
HPRegen  0.00/turn              (no ring)
MPRegen  0.08/turn              (no ring)

@: corroded, non-regenerating
A: damage resistance, heal wounds, sense surroundings 1, no regeneration
a: Heal Wounds


You were on level 5 of the Dungeon.
You visited 1 branch of the dungeon, and saw 1 of its levels.

You collected 29 gold pieces.

Inventory:

Hand Weapons
 a - a +0 hand axe (weapon)
Armour
 b - a +0 leather armour (worn)
Wands
 g - a wand of digging (3)
 i - a wand of acid (10)
   (You found it on level 5 of the Dungeon)
Scrolls
 c - a scroll of fog
 d - a scroll of magic mapping {!r}
 e - a scroll of fear
Potions
 f - a potion of haste
 h - a potion of brilliance {unknown}


   Skills:
 - Level 2.6 Fighting
 + Level 3.8 Axes
 - Level 2.1 Dodging
 - Level 6.0 Stealth


You had one spell level left.
You didn't know any spells.
Your spell library was empty.

Dungeon Overview and Level Annotations

Branches:
Dungeon (5/15)
 Temple: D:4-7

Altars:
Qazlal


Innate Abilities, Weirdness & Mutations

You are resistant to damage.
You can heal yourself by infusing magical energy.
You passively map a small area around you.
You do not regenerate.


Message History

An orc comes into view. It is wielding a +0 flail.
The orc shouts!
A worker ant comes into view.
The orc hits you but does no damage.
You barely miss the orc. The orc hits you with a +0 flail.
You take 4 damage, and have 16/20 hp.
You hit the orc.
The orc is heavily wounded.
You completely miss the worker ant. The worker ant closely misses you.
The orc closely misses you.
You barely miss the orc.
The orc is heavily wounded.
You hit the worker ant. The worker ant bites you.
You take 1 damage, and have 15/20 hp.
You slash the orc!
You kill the orc!
You completely miss the worker ant. The worker ant barely misses you.
The worker ant misses you.
You hit the worker ant.
The worker ant is lightly wounded.
The worker ant bites you but does no damage.
You closely miss the worker ant.
The worker ant is lightly wounded.
The worker ant bites you! The worker ant closely misses you.
You take 5 damage, and have 10/20 hp.
MASSIVE DAMAGE!!
You closely miss the worker ant.
The worker ant is lightly wounded.
The worker ant closely misses you.
You hit the worker ant.
The worker ant is heavily wounded.
The worker ant misses you.
You closely miss the worker ant.
The worker ant is heavily wounded.
The worker ant completely misses you. The worker ant closely misses you.
You hit the worker ant but do no damage.
The worker ant is heavily wounded.
The worker ant bites you but does no damage.
You hit the worker ant.
The worker ant is severely wounded.
The worker ant bites you.
You take 1 damage, and have 9/20 hp.
You hit the worker ant.
The worker ant is severely wounded.
The worker ant closely misses you. The worker ant bites you.
You are poisoned.
The worker ant poisons you!
You hit the worker ant.
You kill the worker ant!
Your Axes skill increases to level 3!
You have reached level 2!
You regained 3 hp, and now have 12/27 hp.
MP restored: 2
Found a stormy altar of Qazlal.
h - an emerald potion A jelly comes into view.
Marking area around a jelly as unsafe for travelling.
A jelly comes into view.
You hit the jelly.
Your hands burn!
The jelly is moderately wounded.
The jelly hits you. The acid corrodes you!
You are splashed with acid!
* * * LOW HITPOINT WARNING * * *
You take 8 damage, and have 4/27 hp.
MASSIVE DAMAGE!!
You feel much better. The jelly barely misses you.
Health restored: 27 You hit the jelly.
Your hands burn!
The jelly is heavily wounded.
The jelly closely misses you.
You take 3 damage, and have 24/27 hp.
You hit the jelly but do no damage.
Your hands burn!
The jelly is heavily wounded.
The jelly hits you.
You are splashed with acid!
You take 9 damage, and have 15/27 hp.
MASSIVE DAMAGE!!
You hit the jelly.
Your hands burn!
The jelly is almost dead.
The jelly barely misses you.
You hit the jelly but do no damage. The acid corrodes you!
Your hands burn!
The jelly is severely wounded.
The jelly completely misses you.
You take 3 damage, and have 12/27 hp.
You completely miss the jelly.
The jelly is severely wounded.
You are no longer poisoned.
The jelly completely misses you.
You barely miss the jelly.
The jelly is severely wounded.
The jelly quivers.
The jelly hits you.
You are splashed with acid!
* * * LOW HITPOINT WARNING * * *
You take 8 damage, and have 4/27 hp.
MASSIVE DAMAGE!!
The jelly closely misses you.
A dart slug comes into view.
A quokka comes into view.
The jelly closely misses you.
Found 4 silver boomerangs.
Found an escape hatch in the ceiling.
You see here a wand of acid (10).
i - a wand of acid (10)
The jelly hits you.
* * * LOW HITPOINT WARNING * * *
You are splashed with acid!
You die...

* .........#.....# #....
,
.........##....####*#....
.........##...........###
.........##...........# *
......................#
.........##.......... *
,.........############*
.......JJ....(.. ,
######..@r...... ,
#.....w...., *
#..........,* ,
#.......... , #..........
#.<........ #......!...
#.......... *


You could see 2 jellies, a dart slug (wandering) and a quokka.

Vanquished Creatures
  A worker ant (D:5)
  An orc (D:5)
2 creatures vanquished.

Notes
Turn   | Place    | Note
-------+----------+-------------------------------------------
     0 | D:5      | Irenicus the Deep Dwarf Delver began the quest for the Orb.
     0 | D:5      | Reached XP level 1. HP: 20/20 MP: 1/1
    17 | D:5      | Noticed a worker ant
    32 | D:5      | Killed a worker ant
    32 | D:5      | Reached skill level 3 in Axes
    32 | D:5      | Reached XP level 2. HP: 12/27 MP: 2/2
    36 | D:5      | Noticed an air elemental
    38 | D:5      | Found a stormy altar of Qazlal.
    50 | D:5      | HP: 4/27 [acid (8)]
    57 | D:5      | HP: 4/27 [acid (7)]
    70 | D:5      | HP: 3/27 [jelly (1)]
    70 | D:5      | Splashed by a jelly's acid

Illustrated notes

Levels and vault maps discovered:
D:5:      layout_basic, minmay_temple_entry_mini_moons,
          nicolae_qazlal_style_of_elements

Skill      XL: |  1 |
---------------+----+-----
Axes           | 3 |  3.8
Fighting       | |  2.6
Dodging        | |  2.1
Stealth        | |  6.0

Action                   || total
-------------------------++-------
Melee: Hand axe          ||    20
 Abil: Heal Wounds       ||     1
Armor: Leather armour    ||     2
Dodge: Dodged            ||    17

Table legend: (Time is in decaauts)
 A = Elapsed time spent in this place.
 B = Non-inter-level travel time spent in this place.
 C = Inter-level travel time spent in this place.
 D = Time resting spent in this place.
 E = Time spent auto-exploring this place.
 F = Levels seen in this place.
 G = Mean time per level.
                   A        B        C        D        E       F      G
               +--------+--------+--------+--------+--------+-----+--------+
         Total |     72 |     72 |      0 |      0 |      0 |   1 |   72.0 |
       Dungeon |     72 |     72 |      0 |      0 |      0 |   1 |   72.0 |
               +--------+--------+--------+--------+--------+-----+--------+

Top non-repeatable levels by time:
     D:5: 72 daAuts

Table legend:
 A = Kills in this place as a percentage of kills in entire the game.
 B = Kills by you in this place as a percentage of kills by you in the entire game.
 C = Kills by friends in this place as a percentage of kills by friends in the entire game.
 D = Other kills in this place as a percentage of other kills in the entire game.
 E = Experience gained in this place as a percentage of experience gained in the entire game.
 F = Experience gained in this place divided by the number of levels of this place that you have seen.
                   A       B       C       D       E      F
               +-------+-------+-------+-------+-------+----------------------
         Total | 100.0 | 100.0 |   N/A |   N/A | 100.0 |  36.0
       Dungeon | 100.0 | 100.0 |   N/A |   N/A | 100.0 |  36.0
               +-------+-------+-------+-------+-------+----------------------
